 Dungeon Crawl Stone Soup version 0.13.0-13-g27bfa31 (webtiles) character file.

396 CrazyArbalest the Bolt Thrower (level 5, -3/30 HPs)
             Began as a Kobold Hunter on Oct 19, 2013.
             Slain by a slave (6 damage)
             ... led by Pikel
             ... on Level 4 of the Dungeon.
             The game lasted 00:20:03 (3381 turns).

CrazyArbalest the Bolt Thrower (Kobold Hunter)      Turns: 3381, Time: 00:20:04

HP  -3/30        AC  7     Str 12      XL: 5   Next: 96%
MP   0/4         EV 14     Int 10      God:
Gold 211         SH  0     Dex 15      Spells:  0 memorised,  4 levels left

Res.Fire  : . . .   See Invis. : .   b - +1 crossbow
Res.Cold  : . . .   Warding    : .   l - +2 leather armour {rN+}
Life Prot.: + . .   Conserve   : .   (no shield)
Res.Poison: .       Res.Corr.  : .   u - +1 dwarf helmet
Res.Elec. : .       Clarity    : .   (no cloak)
Sust.Abil.: . .     Spirit.Shd : +   (no gloves)
Res.Mut.  : .       Stasis     : .   (no boots)
Res.Rott. : .       Flight     : .   y - amulet of guardian spirit
Saprovore : + + .                    (no ring)
                                     (no ring)

@: slightly resistant to hostile enchantments, fairly stealthy
A: disease resistance, carnivore 3, saprovore 2
a: no special abilities


You were on level 4 of the Dungeon.
You were completely stuffed.

You visited 1 branch of the dungeon, and saw 4 of its levels.

You collected 191 gold pieces.

Inventory:

Hand weapons
 a - a +1,+0 dwarven short sword
 b - a +1,+1 crossbow (weapon)
 g - a +0,+0 short sword
Missiles
 c - 29 bolts
 d - 9 bolts of flame (quivered)
Armour
 l - a +2 leather armour of positive energy (worn)
 u - a +1 dwarven helmet (worn)
Magical devices
 s - a wand of slowing (7) {unknown}
 t - a wand of fireball (3) {unknown}
Comestibles
 f - 2 meat rations
 q - a cheese
Scrolls
 e - 3 scrolls of enchant armour
 i - a scroll of fear
 j - a scroll of remove curse
 o - 4 scrolls of teleportation
 w - a scroll of enchant weapon II
 A - 2 scrolls of identify
 D - a scroll of amnesia
 F - a scroll of blinking
Jewellery
 k - an uncursed ring of teleportation
 y - an amulet of guardian spirit (around neck)
 B - an uncursed ring of fire
Potions
 m - 2 potions of curing
 n - a potion of magic {unknown}
 p - a potion of mutation {unknown}
 v - a potion of restore abilities {unknown}
 x - 2 potions of slowing {unknown}
 z - a potion of heal wounds {unknown}


   Skills:
 + Level 1.3 Fighting
 + Level 2.2 Short Blades
 * Level 6.3 Crossbows
 - Level 0.4 Armour
 + Level 4.4 Dodging
 + Level 2.1 Stealth


You had 4 spell levels left.
You didn't know any spells.

Dungeon Overview and Level Annotations

Branches:
Dungeon (4/27)
 Temple: D:4-7

Altars:
Kikubaaqudgha
the Shining One

Annotations:
D:4 Pikel, Prince Ribbit


Innate Abilities, Weirdness & Mutations

You recuperate from illness quickly.
You are small and have problems with some larger weapons.
You are carnivorous and can eat meat at any time.
You can eat rotten meat.


Message History

Press: ? - help, Shift-Dir - straight line, f/p - Pikel
Aim: Pikel, wielding a whip of flaming and wearing a robe (heavily wounded)
You shoot a bolt of flame. The bolt of flame hits Pikel.
Pikel is almost dead.
The slave misses you. Pikel hits you with a whip of flaming. Pikel burns you.
The slave barely misses you.
Firing (i - inventory. (,) - cycle):
d - 10 bolts of flame (quivered)
Press: ? - help, Shift-Dir - straight line, f/p - Pikel
Aim: Pikel, wielding a whip of flaming and wearing a robe (almost dead)
You shoot a bolt of flame. The bolt of flame hits Pikel.
Pikel appears unharmed.
Pikel is almost dead.
The slave hits you. Pikel hits you with a whip of flaming.
* * * LOW HITPOINT WARNING * * *
Pikel burns you.
* * * LOW HITPOINT WARNING * * *
The slave barely misses you. The slave hits you.
* * * LOW HITPOINT WARNING * * *
The slave hits you.
You die...

################
##........>>>....
##................
##.)...............
##..................
##...................
##....................
##...@@................
##....@@........§.......
##....@K...........≈.....
##...............§.≈§§....
##.................≈≈§≈≈...
#...................§≈≈....
#..........≈§.........≈.....
#.)........≈§≈...............
#..........§§≈§§§............
...$........≈≈§.............


You could see Pikel and 4 slaves.

Vanquished Creatures
  An ogre (D:4)
  2 adders
  An inept item mimic (D:2)
  A worm (D:2)
  4 giant geckos
  An ooze (D:3)
  An orc (D:4)
  10 bats
  2 giant cockroaches
  9 hobgoblins
  8 kobolds
  A quokka (D:2)
  3 ball pythons
  3 giant newts
  4 goblins (D:2)
  An orc skeleton (D:4)
  11 rats
63 creatures vanquished.

Notes
Turn   | Place    | Note
--------------------------------------------------------------
     0 | D:1      | CrazyArbalest, the Kobold Hunter, began the quest for the Orb.
     0 | D:1      | Reached XP level 1. HP: 12/12 MP: 0/0
   133 | D:1      | Reached skill level 5 in Crossbows
   243 | D:1      | Reached XP level 2. HP: 15/17 MP: 1/1
   796 | D:1      | Reached XP level 3. HP: 21/21 MP: 2/2
   918 | D:1      | Reached skill level 1 in Short Blades
  1667 | D:2      | Reached XP level 4. HP: 26/26 MP: 3/3
  2378 | D:2      | Found a glowing golden altar of the Shining One.
  2379 | D:2      | Found an ancient bone altar of Kikubaaqudgha.
  3213 | D:4      | Reached XP level 5. HP: 27/30 MP: 2/4
  3220 | D:4      | Noticed Prince Ribbit
  3320 | D:4      | Reached skill level 6 in Crossbows
  3348 | D:4      | Noticed an ogre
  3355 | D:4      | Killed an ogre
  3365 | D:4      | Noticed a slave
  3366 | D:4      | Noticed a slave
  3366 | D:4      | Noticed a slave
  3367 | D:4      | Noticed Pikel
  3370 | D:4      | Noticed a slave
  3381 | D:4      | Slain by a slave

Action                   |  1- 3 |  4- 6 || total
-------------------------+-------+-------++-------
Melee: Short sword       |   121 |   119 ||   240
 Fire: Crossbow          |     7 |    24 ||    31
  Use: Scroll            |     3 |     4 ||     7
 Stab: Sleeping          |     1 |     2 ||     3
